AoeStats
← enyaar

Nomad

509459378Analyzed
2v2 RM · 6d ago on Sep 26, 2026· 26m 8s· 4 players
Game mode
Random Map
Map size
176×176
Population
200
Speed
Normal
Resources
Standard
Victory
Conquest
Starting age
Dark Age
Ending age
Imperial Age
RankedLock teamsTeams togetherTeam positionsShared explorationLock speedFull tech treeHidden civsTurbo modeCheats
Victory
Defeat
🇪🇸 Persians · Spain
1277
+14
🇨🇦 Persians · Canada
1254
+15
🇩🇪 Spanish · Germany
1279
-17
🇩🇪 Byzantines · Germany
1182
-12
enyaar
8:56 Loom
13:58 Feudal Age
17:49 Castle Age
17:29 Stone Mining
Dr Longi
5:39 Loom
13:17 Feudal Age
23:08 Castle Age
Guybrush
6:54 Loom
14:31 Feudal Age
15:03 Double-Bit Axe
16:46 Town Watch
19:38 Castle Age
17:45 Horse Collar
18:29 Stone Mining
20:26 Fletching
22:16 Bow Saw
Nhitty
5:19 Loom
13:44 Feudal Age
14:14 Double-Bit Axe
19:55 Castle Age
22:55 Kamandaran
23:26 Medium Warships
23:16 Fletching
25:38 Bow Saw
Connection lost

Rejoining the realm…

Still unreachable

The connection could not be restored.

Session expired

The server has moved on; the page needs a fresh start.